 Seeded DCSS version 0.26.0-45-g9c1d065592 (webtiles) character file.

Game seed: 4650914458229190298 (custom seed)

42 kaeus the Sneak (level 3, -3/20 HPs)
             Began as a Kobold Enchanter on Jan 31, 2021.
             Slain by a kobold
             ... wielding a +0 dagger
              (5 damage)
             ... on level 2 of the Dungeon.
             The game lasted 00:03:25 (1291 turns).

kaeus the Sneak (Kobold Enchanter)                  Turns: 1291, Time: 00:03:25

Health: -3/20      AC:  2    Str:  5    XL:     3   Next: 80%
Magic:  6/6        EV: 15    Int: 16    God:
Gold:   61         SH:  4    Dex: 16    Spells: 4/7 levels left

rFire    + . .     SeeInvis .   a - +1 dagger
rCold    + . .     Faith    .   g - +0 buckler
rNeg     . . .     Spirit   .   b - +0 robe
rPois    +         Reflect  .   (no helmet)
rElec    +         Harm     .   l - scarf {+Inv}
rCorr    +         Rampage  .   (no gloves)
Will     .....                  (no boots)
Stlth    ++++......             (no amulet)
HPRegen  0.06/turn              (no ring)
MPRegen  0.10/turn              (no ring)

@: lethally poisoned (-3 -> -12), resistant
A: small, nightstalker 3
a: Evoke Invisibility


You were on level 2 of the Dungeon.
You visited 1 branch of the dungeon, and saw 2 of its levels.

You collected 61 gold pieces.

Inventory:

Hand Weapons
 a - a +1 dagger (weapon)
Armour
 b - a +0 robe (worn)
 g - a +0 buckler (worn)
 l - a scarf of invisibility (worn)
Scrolls
 d - a scroll of fog {unknown}
 e - a scroll of teleportation {unknown}
 j - a scroll of identify {unknown}
Potions
 c - a potion of curing {unknown}
 f - a potion of resistance
 i - a potion of mutation {unknown}
 k - a potion of haste {unknown}


   Skills:
 + Level 1.0 Fighting
 + Level 2.0 Short Blades
 + Level 2.7 Dodging
 * Level 4.7 Stealth
 + Level 0.2 Shields
 + Level 2.5 Spellcasting
 + Level 3.2 Hexes
 + Level 0.1 Evocations


You had 4 spell levels left.
You knew the following spells:

 Your Spells              Type           Power        Failure   Level
a - Corona                Hex            13%          9%          1
b - Ensorcelled Hibernat  Hex/Ice        14%          26%         2

Your spell library contained the following spells:

 Spells                   Type           Power        Failure   Level
 Confusing Touch          Hex            12%          26%         3
 Tukima's Dance           Hex            12%          26%         3
 Dazzling Flash           Conj/Hex       14%          45%         3


Dungeon Overview and Level Annotations

Branches:
Dungeon (2/15)

Altars:


Innate Abilities, Weirdness & Mutations

You are small and have problems with some larger weapons.
You are completely attuned to the shadows.


Message History

You take 3 damage, and have 12/20 hp.
You feel sick.
You take 1 damage, and have 11/20 hp.
You feel sick. The adder bites you.
You are lethally poisoned!
The adder poisons you! The kobold hits you with a +0 dagger.
* * * LOW HITPOINT WARNING * * *
You block the adder's attack.
You take 7 damage, and have 4/20 hp.
MASSIVE DAMAGE!!
* * * LOW HITPOINT WARNING * * *
You feel sick.
You take 1 damage, and have 3/20 hp.
* * * LOW HITPOINT WARNING * * *
You feel sick.
There is a stone staircase leading up here.
You take 1 damage, and have 2/20 hp.
It was a potion of resistance.
You feel protected. The adder barely misses you.
The kobold hits you with a +0 dagger.
You die...

...#.....
#...#..#.....
....#..#.....
....#..#.....
.............
#+##.........
###.......#....
........rKS....
..........@....
..........##...
..........†....
.......<#'##...
....#..........
...+..........
#.........
........####
.....####


You could see an adder, a kobold and a rat.

Vanquished Creatures
  An adder (D:2)
  2 dart slugs (D:1)
  3 leopard geckos
  3 bats (D:1)
  A giant cockroach (D:1)
  2 goblins (D:1)
  4 hobgoblins (D:1)
  3 kobolds (D:1)
  3 frilled lizards
  4 rats (D:1)
26 creatures vanquished.

Notes
Turn   | Place    | Note
-------+----------+-------------------------------------------
     0 | D:1      | kaeus the Kobold Enchanter began the quest for the Orb.
     0 | D:1      | Reached XP level 1. HP: 10/10 MP: 3/3
   158 | D:1      | Reached XP level 2. HP: 15/15 MP: 5/5
   169 | D:1      | Learned a level 2 spell: Ensorcelled Hibernation
   701 | D:1      | Reached XP level 3. HP: 20/20 MP: 6/6
  1148 | D:2      | Reached skill level 1 in Fighting
  1291 | D:2      | Slain by a kobold

Illustrated notes

Levels and vault maps discovered:
D:1:      psy_arrival_basics, layout_basic
D:2:      layout_basic

Skill      XL: |  1  2  3 |
---------------+----------+-----
Fighting       | 1 |  1.0
Short Blades   | 2 |  2.0
Dodging        | |  2.7
Stealth        | |  4.7
Shields        | |  0.2
Spellcasting   | |  2.5
Hexes          | |  3.2
Evocations     | |  0.1

Action                   || total
-------------------------++-------
Melee: Dagger            ||    83
 Cast: Ensorcelled Hiber ||     4
  Use: Potion            ||     1
 Stab: Sleeping          ||    14
Armor: Robe              ||    11
Dodge: Dodged            ||    50
Block: Buckler           ||    16
